 Dungeon Crawl Stone Soup version 0.29.1-15-g9cfb28693d (webtiles) character file.

Game seed: 14571243080574804312

299 Achh the Slasher (level 6, 0/48 HPs)
             Began as a Human Fighter on Mar 14, 2023.
             Was an Elder of Fedhas.
             Slain by a bullfrog (2 damage)
             ... in a sewer.
             The game lasted 00:21:55 (3189 turns).

Achh the Slasher (Human Fighter)                    Turns: 3189, Time: 00:21:56

Health: 0/48       AC: 16    Str: 18    XL:     6   Next: 63%
Magic:  6/6        EV: 11    Int:  9    God:    Fedhas [****..]
Gold:   275        SH:  5    Dex: 12    Spells: 5/5 levels left

rFire   . . .      SeeInvis .   n - +2 mace (protect)
rCold   . . .      Faith    .   c - +0 buckler
rNeg    . . .      Spirit   .   i - +0 chain mail
rPois   .          Reflect  .   (no helmet)
rElec   .          Harm     .   (no cloak)
rCorr   .          Rampage  .   (no gloves)
Will    .....                   (no boots)
Stlth   ..........              (no amulet)
HPRegen 0.16/turn               g - +4 ring of evasion
MPRegen 0.10/turn               (no ring)

@: under a protective aura, very slow
A: no striking features
a: Renounce Religion, Wall of Briars, Grow Ballistomycete, Overgrow


You were in a sewer.
You worshipped Fedhas.
Fedhas was greatly pleased with you.
You visited 1 branch of the dungeon, and saw 4 of its levels.
You also visited: Sewer.

You collected 275 gold pieces.

Inventory:

Hand Weapons
 a - a +0 long sword
 n - a +2 mace of protection (weapon)
Missiles
 k - 3 javelins (quivered)
 l - 3 poisoned darts
Armour
 c - a +0 buckler (worn)
 i - a +0 chain mail (worn)
Jewellery
 g - a +4 ring of evasion (left hand)
Wands
 m - a wand of iceblast (4)
Scrolls
 b - 2 scrolls of teleportation
 f - a scroll of identify
 q - a scroll of blinking
Potions
 d - a potion of might
 e - a potion of berserk rage {unknown}
 j - a potion of heal wounds {unknown}
 o - a potion of lignification


   Skills:
 + Level 3.7 Fighting
 + Level 4.3 Long Blades
 + Level 1.3 Maces & Flails
 + Level 3.8 Armour
 + Level 1.1 Dodging
 + Level 3.9 Shields


You had 5 spell levels left.
You didn't know any spells.
Your spell library contained the following spells:

 Spells                   Type           Power      Damage    Failure   Level
 Foxfire                  Conj/Fire      0%         2x1d4     100%        1
 Sublimation of Blood     Necr           0%         N/A       100%        2
 Wereblood                Tmut           0%         N/A       100%        2
 Ozocubu's Armour         Ice            0%         N/A       100%        3
 Summon Guardian Golem    Hex/Summ       0%         N/A       100%        3
 Fireball                 Conj/Fire      0%         3d3       100%        5
 Iskenderun's Battlesphe  Conj           0%         2d6       100%        5
 Conjure Ball Lightning   Conj/Air       0%         3x3d6     100%        6
 Orb of Destruction       Conj           0%         9d5       100%        7
 Ozocubu's Refrigeration  Ice            0%         4d7       100%        7
 Spellforged Servitor     Conj/Summ      0%         N/A       100%        7
 Summon Hydra             Summ           0%         N/A       100%        7


Dungeon Overview and Level Annotations

Branches:
Dungeon (4/15)              Sewer (1/1)
 Temple: D:4-7

Altars:
Fedhas

Shops:
D:3 [


Message History

The bullfrog hits you but does no damage.
The bullfrog hits you. The frilled lizard misses you.
The bullfrog hits you but does no damage.
You block the bullfrog's attack.
The frilled lizard bites you but does no damage.
The bullfrog hits you but does no damage.
Your unstable footing causes you to fumble your attack.
The bullfrog misses you. You block the bullfrog's attack.
The bullfrog hits you but does no damage.
The frilled lizard bites you but does no damage.
The bullfrog hits you but does no damage.
You hit the bullfrog.
The bullfrog is heavily wounded.
You block the bullfrog's attack.
The bullfrog hits you but does no damage.
The frilled lizard barely misses you. The bullfrog closely misses you.
You block the bullfrog's attack.
You hit the bullfrog.
The bullfrog is severely wounded.
The bullfrog barely misses you.
The bullfrog hits you but does no damage.
The frilled lizard closely misses you. The bullfrog hits you.
* * * LOW HITPOINT WARNING * * *
The bullfrog barely misses you.
The frilled lizard bites you but does no damage.
Your unstable footing causes you to fumble your attack.
The bullfrog hits you but does no damage.
You block the bullfrog's attack. The bullfrog hits you.
* * * LOW HITPOINT WARNING * * *
The frilled lizard bites you but does no damage.
The bullfrog hits you.
* * * LOW HITPOINT WARNING * * *
You block the bullfrog's attack.
Blink to where?
Press: ? - help, Dir - move target
Okay, then.
Your unstable footing causes you to fumble your attack.
The bullfrog hits you.
You die...
Fedhas appreciates your contribution to the ecosystem.

#..~†~#####~~~~~##
#~~~###.~~###~~~~#
##~~##.~~~.~~##~~.#
##~†##~~.~~~~~.##~.##
#~~~†~~.†~...~~~#~~~#
#~~~~.#######~..##~~#
#######~###.~~~≈##~.~#~~#
#..~~~###l~.~~~~≈##~.#~††
#~.~~.#.@F..~~.~~ #~~##†~
#~~~~~#.F##~..?.~ ##~.#..
#~~#†.#~.# .$$?. #~~#~~
#~~#~~#~~# ~|[. #.~#~~
#~~#~##..# F:~ #~~#~~
#~~#~#.~.# FS #.~#..
#~~#~#∩~~# ~ #~~#†~
#~~#~#~.~## ##.~#~~
#~~#.###~~# #.~##~~


You could see 2 bullfrogs and a frilled lizard.

Vanquished Creatures
  The ghost of Heoruswealwe the Conjurer, an amateur DECj (D:3)
  8 adders
  A shadow imp (D:4)
  3 worms
  3 dart slugs
  9 bats
  16 endoplasms
  14 giant cockroaches
  7 goblins
  9 hobgoblins
  5 jackals
  6 kobolds
  11 quokkas
  13 ball pythons
  12 frilled lizards
  12 rats
130 creatures vanquished.

Vanquished Creatures (others)
  2 plants (D:1)
2 creatures vanquished.

Grand Total: 132 creatures vanquished

Notes
Turn   | Place    | Note
-------+----------+-------------------------------------------
     0 | D:1      | Achh the Human Fighter began the quest for the Orb.
     0 | D:1      | Reached XP level 1. HP: 18/18 MP: 1/1
    59 | D:1      | Reached XP level 2. HP: 19/24 MP: 2/2
   163 | D:1      | Found a faded altar of an unknown god.
   171 | D:1      | Got Plato's Spellbook of Conflict
   200 | D:1      | Prayed at the altar of an unknown god.
   200 | D:1      | Became a worshipper of Fedhas Madash
   200 | D:1      | Reached * piety under Fedhas
   276 | D:1      | Reached XP level 3. HP: 7/29 MP: 3/3
   940 | D:2      | Reached XP level 4. HP: 32/35 MP: 4/4
  1013 | D:2      | Reached ** piety under Fedhas
  1059 | D:2      | Reached skill level 3 in Long Blades
  1402 | D:3      | Reached XP level 5. HP: 38/41 MP: 5/5
  1580 | D:3      | Found a runed translucent door.
  1642 | D:3      | Noticed Heoruswealwe's ghost (amateur DECj)
  1672 | D:3      | Killed Heoruswealwe's ghost
  1673 | D:3      | Reached skill level 4 in Long Blades
  1673 | D:3      | Reached XP level 6. HP: 14/47 MP: 6/6
  2268 | D:3      | Found Puqonwok's Antique Armour Shoppe.
  2273 | D:3      | Gained mutation: Armour fits poorly on your strangely
                  | shaped body. [potion of mutation]
  2273 | D:3      | Gained mutation: You are partially covered in large bone
                  | plates. (SH +4) [potion of mutation]
  2273 | D:3      | Gained mutation: You expend magic power (3 MP) to
                  | strengthen your wands. [potion of mutation]
  2286 | D:3      | Lost mutation: You expend magic power (3 MP) to strengthen
                  | your wands. [potion of mutation]
  2286 | D:3      | Lost mutation: You are partially covered in large bone
                  | plates. (SH +4) [potion of mutation]
  2286 | D:3      | Lost mutation: Armour fits poorly on your strangely shaped
                  | body. [potion of mutation]
  2407 | D:4      | Reached *** piety under Fedhas
  2448 | D:4      | Reached skill level 1 in Dodging
  2878 | D:4      | Found a glowing drain.
  2900 | Sewer    | Entered a sewer
  3022 | Sewer    | Reached skill level 1 in Maces & Flails
  3058 | Sewer    | Reached **** piety under Fedhas
  3188 | Sewer    | HP: 1/48 [bullfrog (6)]
  3189 | Sewer    | Slain by a bullfrog

Illustrated notes

Levels and vault maps discovered:
D:1:      eino_arrival_water_star, layout_loops_ring,
          shapermc_ecumenical_altar_rom_forum
D:2:      minmay_roachtagon, layout_loops_ring
D:3:      layout_loops_corners, ebering_ghost_sewer_d, serial_shops, shop_statue
D:4:      layout_basic, cheibrodos_sewer_entry_bend
Sewer:    sewer_frog_island_02

Skill      XL: |  1  2  3  4  5  6 |
---------------+-------------------+-----
Long Blades    | 3 4 |  4.3
Dodging        | 1 |  1.1
Maces & Flails | 1 |  1.3
Fighting       | |  3.7
Armour         | |  3.8
Shields        | |  3.9

Action                   |  1- 3 |  4- 6 || total
-------------------------+-------+-------++-------
Melee: Long sword        |   110 |   125 ||   235
       Mace              |       |   203 ||   203
  Use: Potion            |     1 |     4 ||     5
       Scroll            |     3 |     3 ||     6
Armor: Scale mail        |    50 |       ||    50
       Chain mail        |     8 |   210 ||   218
Dodge: Dodged            |    73 |   260 ||   333
Block: Buckler           |    33 |   103 ||   136
